 Dungeon Sprint DCSS version 0.30.1-9-gdf580d7c3d (webtiles) character file.

Game seed: 17908606349387222758

44921 Heoruswealwe the Minotaur Porcupine (level 13, -6/151 HPs)
             Began as a Minotaur Fighter on Sept 26, 2023.
             Was an Initiate of Gozag.
             Killed by the air
             ... invoked by a spriggan air mage
              (19 damage)
             ... in the Dungeon (Sprint IX: "|||||||||||||||||||||||||||||").
             The game lasted 00:35:33 (3655 turns).

Heoruswealwe the Minotaur Porcupine (MiFi)          Turns: 3655, Time: 00:35:35

Health: -6/151     AC: 42    Str: 28    XL:     13   Next: 98%
Magic:  12/12      EV:  7    Int:  8    God:    Gozag
Gold:   2442       SH:  0    Dex: 11    Spells: 12/12 levels left

rFire   . . .        b - +4 halberd of the Battered Seers {heavy, rPois}
rCold   . . .        (shield currently unavailable)
rNeg    . . .        c - +8 orange crystal plate armour {Archmagi, Int+3 Clar}
rPois   +            (helmet restricted)
rElec   .            h - +0 cloak
rCorr   .            (no gloves)
SInv    .            e - +0 pair of boots
Will    .....        (no amulet) Stlth
                     k - +2 ring of protection
HPRegen 0.45/turn    j - +3 ring of strength
MPRegen 0.13/turn

%: no teleportation, clarity, archmagi
@: slowed, very slow
A: horns 2, retaliatory headbutt
a: Renounce Religion, Potion Petition, Call Merchant, Bribe Branch


You were in the Dungeon.
You worshipped Gozag.
Gozag was most pleased with you.
You visited 1 branch You collected 13992 gold pieces.
You spent 6388 gold pieces at shops.
You paid 5162 gold pieces to Gozag.

Inventory:

Hand Weapons
 a - the +8 trident of the Well-Known Lies {heavy, rN+ Str+5 Dex+5}
   (You bought it in a shop in the Dungeon)

   Str:       It affects your strength (+5).
   Dex:       It affects your dexterity (+5).
   rN:        It protects you from negative energy.
 b - the +4 halberd of the Battered Seers (weapon) {heavy, rPois}
   (You bought it in a shop in the Dungeon)

   rPois:     It protects you from poison.
 t - a +0 glaive
 v - the +8 storm bow {elec, penet}
   (You bought it in a shop in the Dungeon)
Armour
 c - the +8 orange crystal plate armour (worn) {Archmagi, Int+3 Clar}
   (You bought it in a shop in the Dungeon)

   Int:       It affects your intelligence (+3).
   Clar:      It protects you from confusion, rage, mesmerisation and fear.
 d - a +0 buckler
 e - a +0 pair of boots (worn)
 h - a +0 cloak (worn)
Jewellery
 j - a +3 ring of strength (right hand)
 k - a +2 ring of protection (left hand)
 u - a ring of poison resistance
 w - a ring of see invisible
 x - a ring of protection from cold
Wands
 l - a wand of acid (10)
 r - a wand of digging (8)
Scrolls
 p - 5 scrolls of identify
 q - 6 scrolls of enchant weapon
 y - 2 scrolls of enchant armour
Potions
 i - 4 potions of berserk rage
 s - 2 potions of mutation
Miscellaneous
 o - a box of beasts
 A - a lightning rod (4/4)
 B - a piece from Xom's chessboard (15/15)
 D - a phantom mirror


   Skills:
 * Level 24.7 Fighting
 O Level 27 Polearms
 + Level 22.6 Armour
 + Level 11.7 Shields
 + Level 8.5 Evocations


You had 12 spell levels left.
You didn't know any spells.
Your spell library was empty.

Dungeon Overview and Level Annotations

Branches:
Dungeon (1/1)

Altars:
Cheibriados
Dithmenos
Elyvilon
Fedhas
Gozag
Hepliaklqana
Kikubaaqudgha
Makhleb
Nemelex Xobeh
Okawaru
Qazlal
Ru
Sif Muna
Trog
Uskayaw
Vehumet
Wu Jian
Xom
Yredelemnul
Zin
The Shining One
Jiyva
Lugonu

Shops:
D =?[=(((*(*


Innate Abilities, Weirdness & Mutations

You have a pair of horns on your head.
You reflexively headbutt those who attack you in melee.


Message History

Something tries to affect you, but you resist.
A frost giant comes into view.
It is wielding a +2 battleaxe of freezing.
You barely miss something. You headbutt something. Something touches you.
* * * LOW HITPOINT WARNING * * *
You feel drained.
* * * LOW HITPOINT WARNING * * *
You impale something!!
You hear some strange, mumbled words.
You feel yourself slow down.
You hit something. Your headbutt misses something.
The spriggan air mage is distracted by your dazzling golden aura.
Something conjures a glowing orb.
The wavering orb of destruction weakly hits you!
* * * LOW HITPOINT WARNING * * *
The floating eye seems to glare at you.
Something touches you but does no damage.
The floating eye gazes piercingly through you!
You suddenly lose the ability to move!
The spriggan air mage shouts!
Something touches you but does no damage.
The walking divine tome erupts in a flurry of living spells!
Something touches you but does no damage.
You can move again.
You slice something like a ripe choko!!!
Reactivating autopickup.
You feel a bit more experienced.
The spriggan air mage is no longer distracted by gold.
The walking divine tome erupts in a flurry of living spells!
The tengu conjurer barely misses you. You furiously retaliate!
You headbutt the tengu conjurer!
The tengu conjurer pecks you but does no damage.
The tengu conjurer claws you but does no damage.
Your life force feels restored.
You slash the tengu conjurer!
Your headbutt misses the tengu conjurer.
The tengu conjurer is almost dead.
The spriggan air mage waves its arms in wide circles.
The air twists around and strikes you!!
You die...
Your body crumbles into a pile of gold.

........'.=...)))))))).[[[[[[[[.!
▓▓▓▓▓▓▓▓▓▓▓▓▓▓▓▓▓▓▓▓▓▓▓▓▓▓▓▓▓▓▓▓▓
....................)............
▓▓▓▓▓▓▓▓▓▓▓▓▓▓♣♣♣♣♣♣♣♣♣♣▓▓▓▓▓▓▓▓▓
.............)'.........))).)....
▓▓▓▓▓▓▓▓▓▓▓▓▓▓♣♣♣♣♣♣♣♣♣♣▓▓▓▓▓▓▓▓▓
................).)..............
▓▓▓▓▓▓▓▓▓▓▓▓▓▓▓▓▓▓▓▓▓▓▓▓▓▓▓▓▓▓▓▓▓
................@Qi*G;C.
▓▓▓▓▓▓▓▓▓▓▓▓▓▓▓▓▓▓▓▓▓▓▓▓


You could see a frost giant, a walking divine tome, a spriggan air mage (repels
missiles), a tengu conjurer, a floating eye and a battlesphere (distracted).

Vanquished Creatures
  Saint Roka (D)
  A lich (D)
  A fire giant (D)
  2 emperor scorpions (D)
  A ghost moth (D)
  A spriggan defender (D)
  2 stone giants (D)
  A broodmother (D)
  2 bunyips (D)
  A spark wasp (D)
  Snorg (D)
  A merfolk javelineer (D)
  A merfolk impaler (D)
  An ettin (D)
  An ice dragon (D)
  A fire dragon (D)
  2 centaur warriors (D)
  2 hydras (D)
  A catoblepas (D)
  A boulder beetle (D)
  A deep troll shaman (D)
  A satyr (D)
  Urug (D)
  7 orc high priests (D)
  A naga sharpshooter (D)
  Sonja (D)
  3 shock serpents (D)
  A goliath frog (D)
  An orb spider (D)
  A spriggan druid (D)
  A necromancer (D)
  2 swamp dragons (D)
  A wolf spider (D)
  An orc knight (D)
  A moth of wrath (shapeshifter) (D)
  An orc sorcerer (D)
  2 will-o-the-wisps (D)
  2 cyclopes (D)
  A naga mage (D)
  A merfolk siren (D)
  A guardian serpent (D)
  A black mamba (D)
  A guardian serpent (shapeshifter) (D)
  5 cane toads (D)
  A gargoyle (D)
  A demonic crawler (D)
  A rime drake (shapeshifter) (D)
  2 komodo dragons (D)
  2 tengu conjurers (D)
  An efreet (D)
  3 merfolk (D)
  A meliai (D)
  A troll (D)
  A wind drake (D)
  3 polar bears (D)
  A bloated husk (D)
  A tyrant leech (D)
  3 blink frogs (D)
  A slime creature (D)
  A yak (D)
  2 vampire mosquitoes (D)
  An acid dragon (D)
  2 nagas (D)
  2 water moccasins (D)
  14 orc warriors (D)
  A black bear (D)
  A wolf (D)
  A centaur (D)
  2 phantoms (D)
  4 bullfrogs (D)
  A gnoll sergeant (D)
  A scorpion (D)
  A killer bee (D)
  An orc priest (D)
  A gnoll bouda (D)
  An iguana (D)
  8 orc wizards (D)
  12 orcs (D)
  A bat (D)
  An endoplasm (D)
  A goblin (D)
  A hobgoblin (D)
  A ball python simulacrum (D)
  A rat (D)
150 creatures vanquished.

Vanquished Creatures (others)
  A bloated husk (D)
  An orc (D)
2 creatures vanquished.

Grand Total: 152 creatures vanquished

Notes
Turn   | Place    | Note
-------+----------+-------------------------------------------
     0 | D        | Heoruswealwe the Minotaur Fighter began the quest for the
                  | Orb.
     0 | D        | Reached XP level 1. HP: 19/19 MP: 0/0
     9 | D        | Reached skill level 3 in Polearms
    36 | D        | Noticed a black bear
    36 | D        | Noticed a phantom
    36 | D        | Noticed a scorpion
    36 | D        | Noticed a phantom
    36 | D        | Noticed an iguana
    40 | D        | Killed a black bear
    41 | D        | Reached skill level 7 in Polearms
    41 | D        | Reached XP level 2. HP: 12/31 MP: 1/1
    41 | D        | Reached XP level 3. HP: 15/38 MP: 2/2
    41 | D        | Reached XP level 4. HP: 17/45 MP: 3/3
    53 | D        | Killed a phantom
    54 | D        | Reached skill level 9 in Polearms
    54 | D        | Reached XP level 5. HP: 39/52 MP: 4/4
    58 | D        | Reached skill level 10 in Polearms
    66 | D        | Killed a phantom
    67 | D        | Reached skill level 11 in Polearms
    67 | D        | Reached XP level 6. HP: 48/62 MP: 5/5
    78 | D        | Found a snail-covered altar of Cheibriados.
    78 | D        | Found a shadowy altar of Dithmenos.
    78 | D        | Found a white marble altar of Elyvilon.
    78 | D        | Found a blossoming altar of Fedhas.
    78 | D        | Found an opulent altar of Gozag.
    79 | D        | Found a hazy altar of Hepliaklqana.
    80 | D        | Found a viscous altar of Jiyva.
    81 | D        | Found an ancient bone altar of Kikubaaqudgha.
    82 | D        | Found a corrupted altar of Lugonu.
    83 | D        | Found a burning altar of Makhleb.
    84 | D        | Found a sparkling altar of Nemelex Xobeh.
    85 | D        | Found an iron altar of Okawaru.
    86 | D        | Became a worshipper of Gozag Ym Sagoz the Greedy
    87 | D        | Found a stormy altar of Qazlal.
    88 | D        | Found a sacrificial altar of Ru.
    89 | D        | Found a shimmering blue altar of Sif Muna.
    90 | D        | Found a bloodstained altar of Trog.
    91 | D        | Found a hide-covered altar of Uskayaw.
    92 | D        | Found a radiant altar of Vehumet.
    93 | D        | Found an ornate altar of the Wu Jian Council.
    94 | D        | Found a shimmering altar of Xom.
    95 | D        | Found a basalt altar of Yredelemnul.
    96 | D        | Found a glowing silver altar of Zin.
    97 | D        | Found a glowing golden altar of the Shining One.
   148 | D        | Noticed an acid dragon
   152 | D        | Reached skill level 12 in Polearms
   169 | D        | Reached XP level 7. HP: 70/71 MP: 6/6
   170 | D        | Reached skill level 13 in Polearms
   171 | D        | Reached skill level 10 in Fighting
   171 | D        | Reached skill level 10 in Armour
   185 | D        | Noticed a guardian serpent
   185 | D        | Noticed a gargoyle
   185 | D        | Noticed a boulder beetle
   185 | D        | Noticed a troll
   185 | D        | Noticed a rime drake
   185 | D        | Noticed a centaur warrior
   196 | D        | Killed a guardian serpent
   197 | D        | Reached skill level 14 in Polearms
   199 | D        | Killed a gargoyle
   200 | D        | Reached skill level 15 in Polearms
   200 | D        | Reached XP level 8. HP: 38/82 MP: 7/7
   203 | D        | Killed a troll
   208 | D        | Killed a rime drake
   209 | D        | Reached skill level 16 in Polearms
   212 | D        | Killed a centaur warrior
   213 | D        | Reached skill level 17 in Polearms
   213 | D        | Reached XP level 9. HP: 77/93 MP: 8/8
   225 | D        | Killed a boulder beetle
   226 | D        | Reached skill level 18 in Polearms
   437 | D        | Noticed a komodo dragon
   437 | D        | Noticed a komodo dragon
   438 | D        | Noticed a cane toad
   443 | D        | Noticed a polar bear
   444 | D        | Killed a komodo dragon
   447 | D        | Killed a komodo dragon
   454 | D        | Reached skill level 19 in Polearms
   457 | D        | Killed a cane toad
   458 | D        | Reached XP level 10. HP: 65/104 MP: 9/9
   569 | D        | Noticed a cane toad
   569 | D        | Noticed a catoblepas
   574 | D        | Noticed a cane toad
   577 | D        | Killed a cane toad
   578 | D        | Reached skill level 20 in Polearms
   580 | D        | Noticed a four-headed hydra
   598 | D        | Killed a catoblepas
   599 | D        | Reached skill level 15 in Fighting
   599 | D        | Reached skill level 15 in Armour
   601 | D        | Killed a seven-headed hydra
   610 | D        | Reached skill level 21 in Polearms
   617 | D        | Killed a cane toad
   858 | D        | Noticed a cane toad
   864 | D        | Noticed a cane toad
   876 | D        | Killed a cane toad
   877 | D        | Reached XP level 11. HP: 98/115 MP: 10/10
   881 | D        | Reached skill level 22 in Polearms
   988 | D        | Noticed Sonja
   997 | D        | Killed Sonja
  1194 | D        | Noticed an orc high priest
  1208 | D        | Noticed a sun demon
  1225 | D        | Killed an orc high priest
  1328 | D        | Reached skill level 23 in Polearms
  1394 | D        | Found Gyvaxo's Jewellery Emporium.
  1394 | D        | Noticed an orc high priest
  1394 | D        | Noticed an orc high priest
  1398 | D        | Noticed an orc high priest
  1399 | D        | Found Ciepneom's Magic Scroll Shoppe.
  1401 | D        | Noticed an orc high priest
  1402 | D        | Killed an orc high priest
  1406 | D        | Killed an orc high priest
  1408 | D        | Found Itiloidd's Armour Emporium.
  1413 | D        | Killed an orc high priest
  1414 | D        | Found Ekas Duh's Jewellery Shoppe.
  1417 | D        | Killed an orc high priest
  1418 | D        | Reached skill level 24 in Polearms
  1419 | D        | Noticed an orc high priest
  1420 | D        | Noticed an orc high priest
  1420 | D        | Noticed an orc knight
  1431 | D        | Killed an orc high priest
  1437 | D        | Killed an orc high priest
  1446 | D        | Killed an orc knight
  1525 | D        | Bought 2 scrolls of identify for 52 gold pieces
  1525 | D        | Bought a scroll of blinking for 97 gold pieces
  1525 | D        | Bought a scroll of identify for 26 gold pieces
  1525 | D        | Bought a scroll of poison for 52 gold pieces
  1525 | D        | Bought a scroll of blinking for 97 gold pieces
  1525 | D        | Bought a scroll of immolation for 52 gold pieces
  1525 | D        | Bought a scroll of torment for 123 gold pieces
  1525 | D        | Bought a scroll of identify for 26 gold pieces
  1541 | D        | Bought the +8 orange crystal plate armour {Archmagi, Int+3
                  | Clar} for 2023 gold pieces
  1541 | D        | Found the +8 orange crystal plate armour {Archmagi, Int+3
                  | Clar}
  1705 | D        | Bought the +4 halberd of the Battered Seers {heavy, rPois}
                  | for 576 gold pieces
  1705 | D        | Bought the +8 storm bow {elec, penet} for 948 gold pieces
  1705 | D        | Found the +8 storm bow {elec, penet}
  1867 | D        | Noticed a six-headed hydra
  1868 | D        | Noticed a centaur warrior
  1878 | D        | Reached XP level 12. HP: 119/128 MP: 11/11
  1886 | D        | Killed a ten-headed hydra
  1887 | D        | Reached skill level 25 in Polearms
  1887 | D        | Noticed a fire dragon
  1888 | D        | Noticed a deep troll shaman
  1888 | D        | Killed a centaur warrior
  1894 | D        | Noticed an ettin
  1898 | D        | Noticed an ice dragon
  1903 | D        | Killed a fire dragon
  1905 | D        | Killed a deep troll shaman
  1908 | D        | Killed an ettin
  1911 | D        | Reached skill level 26 in Polearms
  1916 | D        | Killed an ice dragon
  2164 | D        | Noticed Snorg
  2175 | D        | Killed Snorg
  2215 | D        | Noticed Urug
  2224 | D        | Killed Urug
  2363 | D        | Noticed a bunyip
  2370 | D        | Killed a bunyip
  2372 | D        | Noticed a bunyip
  2380 | D        | Reached skill level 27 in Polearms
  2389 | D        | Killed a bunyip
  2390 | D        | Reached skill level 1 in Evocations
  2469 | D        | Noticed an emperor scorpion
  2475 | D        | Killed an emperor scorpion
  2476 | D        | Reached skill level 5 in Shields
  2483 | D        | Noticed an emperor scorpion
  2491 | D        | Killed an emperor scorpion
  2492 | D        | Reached XP level 13. HP: 86/143 MP: 0/12
  2497 | D        | Killed a ghost moth
  2760 | D        | Reached skill level 5 in Evocations
  2914 | D        | Noticed a broodmother
  2914 | D        | Noticed a spark wasp
  2921 | D        | Killed a broodmother
  2928 | D        | Killed a spark wasp
  3037 | D        | Noticed a merfolk impaler
  3057 | D        | Noticed a merfolk javelineer
  3059 | D        | Killed a merfolk impaler
  3076 | D        | Killed a merfolk javelineer
  3183 | D        | Bought an ancient trident for 221 gold pieces
  3183 | D        | Identified the +8 trident of the Well-Known Lies {heavy,
                  | rN+ Str+5 Dex+5} (You bought it in a shop in the Dungeon)
  3197 | D        | Bought a scroll of identify for 28 gold pieces
  3197 | D        | Bought a lightning rod (4/4) for 420 gold pieces
  3197 | D        | Bought a piece from Xom's chessboard (15/15) for 280 gold
                  | pieces
  3197 | D        | Bought a potion of resistance for 140 gold pieces
  3200 | D        | Bought a phantom mirror for 1200 gold pieces
  3200 | D        | Bought a dark potion for 27 gold pieces
  3271 | D        | Noticed Saint Roka
  3276 | D        | Reached skill level 10 in Shields
  3285 | D        | HP: 7/148 [Saint Roka/divine providence (9)]
  3314 | D        | Killed Saint Roka
  3624 | D        | Noticed a spriggan defender
  3624 | D        | Noticed a fire giant
  3624 | D        | Noticed a stone giant
  3624 | D        | Noticed a stone giant
  3628 | D        | Killed a spriggan defender
  3631 | D        | Noticed a lich
  3633 | D        | Killed a fire giant
  3635 | D        | Paralysed by a floating eye for 2 turns
  3637 | D        | Killed a stone giant
  3640 | D        | Paralysed by a floating eye for 4 turns
  3640 | D        | Noticed a walking divine tome
  3644 | D        | Killed a stone giant
  3648 | D        | Noticed a frost giant
  3651 | D        | Paralysed by a floating eye for 3 turns
  3654 | D        | Killed a lich
  3655 | D        | Killed from afar by a spriggan air mage

Illustrated notes

Levels and vault maps discovered:
D:        linesprint [early_d, line_temple, items_1, d_10, items_2, lair_1,
          lair_end, items_3, orc_1, orc_end, items_4, d_15, swamp_1, shoals_1,
          snake_1, spider_1, d_20, vaults_1, items_5, swamp_end, shoals_end,
          snake_end, spider_end, vaults_end, d_27, items_6, zot_1, zot_end,
          crypt_end, forest_end, elf_end, slime_end, tomb_end, abyss_end,
          pan_hell_end]

Skill      XL: |  1  2  3  4  5  6  7  8  9 10 11 12 13 |
---------------+----------------------------------------+-----
Polearms       | 7 9 11 12 15 17 19 21 24 27 | 27.0
Fighting       | 6 7 8 9 11 13 14 16 18 21 24 | 24.7
Armour         | 6 7 8 9 11 13 14 16 18 20 22 | 22.6
Shields        | 5 11 | 11.7
Evocations     | 2 8 |  8.5

Action                     |  1- 3 |  4- 6 |  7- 9 | 10-12 | 13-15 || total
---------------------------+-------+-------+-------+-------+-------++-------
  Melee: Trident           |    14 |    30 |       |       |       ||    44
         Headbutt          |     3 |     9 |    14 |    57 |    21 ||   104
         Halberd           |       |    19 |    56 |   285 |   114 ||   474
 Invoke: Call Merchant     |       |       |       |     3 |     3 ||     6
    Use: Potion            |       |     1 |     1 |     6 |    10 ||    18
         Scroll            |       |       |       |     1 |     6 ||     7
   Stab: Distracted        |       |       |       |     3 |     4 ||     7
 Armour: Scale mail        |     2 |     8 |       |       |       ||    10
         Chain mail        |       |    15 |    19 |    60 |       ||    94
         Plate armour      |       |       |       |    11 |       ||    11
         Crystal plate arm |       |       |       |    93 |   115 ||   208
  Dodge: Dodged            |    12 |    16 |    15 |    74 |    33 ||   150
  Block: Buckler           |     2 |     1 |       |       |       ||     3
